Map: Golden Wall LE

Players

SortOf

  • Race: Zerg Zerg
  • League: Grandmaster
  • Spawn Location: 7:00

AqueroN - Winner!

  • Race: Terran Terran
  • League: Grandmaster
  • Spawn Location: 5:00

Event: DreamHack SC2 Masters 2020 Fall

VOD

Have the link to the VOD?

Description

Time

  • Played on: Aug. 29, 2020, 11:33 a.m.
  • Length: 10:34

All games in this series

Show
View Real Time Build Order
Export as new Build Order

SortOf Zerg 

Build Orders: Hatch First, Muta Ling Bane 

Get SALT Encoding   

  12  0:00  Drone  
  13  0:12  Overlord  
  13  0:17  Drone  
  14  0:32  Drone x2  
  16  0:48  Hatchery  
  15  0:51  Drone  
  15  0:55  Drone  
  17  0:58  Drone  
  18  1:08  Extractor  
  17  1:14  Spawning Pool  
  17  1:17  Drone  
  17  1:21  Drone  
  18  1:28  Drone  
  19  1:38  Drone  
  20  1:49  Overlord  
  20  2:00  Queen x2  
  24  2:01  Zergling x4  
  26  2:10  Drone  
  26  2:11  Drone  
  26  2:12  Metabolic Boost  
  28  2:22  Drone x2  
  30  2:36  Queen x2  
  34  2:40  Drone  
  34  2:41  Drone  
  36  2:46  Overlord  
  36  2:51  Overlord  
  36  3:05  Drone x4  
  36  3:10  Drone x4  
  44  3:16  Drone x2  
  44  3:17  Drone  
  44  3:19  Drone  
  48  3:35  Hatchery  
  48  3:36  Lair  
  48  3:39  Overlord  
  47  3:43  Extractor x2  
  47  3:45  Drone  
  47  3:46  Drone  
  47  3:50  Zergling x4  
  47  3:53  Drone x3  
  52  3:58  Baneling Nest  
  52  4:02  Zergling x2  
  52  4:05  Drone  
  52  4:07  Drone  
  52  4:08  Drone  
  52  4:09  Overlord  
  55  4:10  Extractor  
  55  4:14  Queen  
  56  4:18  Drone x2  
  56  4:20  Drone  
  56  4:23  Drone  
  60  4:28  Spore Crawler  
  60  4:30  Drone x2  
  61  4:36  Spire  
  60  4:38  Zergling x4  
  60  4:41  Overseer  
  60  4:43  Zergling x2  
  63  4:47  Zergling x4  
  63  4:50  Baneling x2  
  65  4:54  Drone x3  
  65  4:55  Drone  
  65  4:57  Overlord  
  69  5:00  Drone  
  69  5:02  Drone  
  69  5:06  Spore Crawler  
  70  5:09  Drone x3  
  71  5:15  Drone x3  
  71  5:19  Queen  
  76  5:25  Baneling x2  
  76  5:28  Drone x2  
  77  5:30  Overlord x2  
  77  5:34  Drone x2  
  77  5:35  Drone  
  81  5:39  Zergling x2  
  81  5:40  Overlord  
  80  5:46  Drone  
  80  5:47  Drone  
  80  5:48  Drone  
  80  5:49  Zergling x2  
  84  5:50  Zergling x2  
  84  5:52  Mutalisk  
  86  6:00  Mutalisk x3  
  92  6:10  Mutalisk  
  92  6:11  Mutalisk x3  
  94  6:14  Zerg Flyer Weapons Level 1  
  94  6:16  Drone  
  101  6:19  Extractor  
  101  6:24  Zergling x4  
  101  6:25  Zergling x6  
  102  6:32  Drone x4  
  106  6:33  Centrifical Hooks  
  106  6:36  Evolution Chamber x2, Overlord  
  101  6:48  Overlord x6  
  101  6:54  Extractor  
  100  7:03  Overlord  
  100  7:05  Zerg Melee Weapons Level 1  
  100  7:06  Drone x2, Zerg Ground Armor Level 1  
  100  7:08  Drone x6  
  108  7:10  Baneling x3  
  108  7:14  Drone x2  
  110  7:21  Mutalisk x2  
  113  7:25  Pneumatized Carapace, Overseer  
  113  7:26  Mutalisk  
  113  7:29  Zergling x8  
  119  7:33  Overlord  
  119  7:34  Overlord  
  119  7:51  Hatchery  
  118  7:54  Mutalisk x4  
  126  7:58  Overlord  
  126  8:00  Overlord x2  
  126  8:02  Mutalisk x2  
  126  8:04  Zergling x6  
  133  8:08  Zergling x8  
  133  8:10  Baneling x4  
  137  8:16  Zergling x8  
  141  8:27  Zergling x16  
  149  8:35  Zergling x6, Overlord  
  149  8:37  Baneling x10  
  149  8:38  Overseer  
  152  8:46  Mutalisk  
  152  8:47  Zergling x2  
  152  8:48  Zergling x2  
  156  8:54  Zergling x16  
  164  9:04  Drone x6  
  164  9:08  Drone  
  171  9:23  Mutalisk x2  
  164  9:26  Drone x9  
  164  9:29  Extractor x2  
  173  9:31  Baneling x7  
  173  9:37  Zergling x8  
  177  9:46  Baneling x4, Zergling x12  
  157  9:53  Zergling x8  
  152  10:00  Baneling x7  
  152  10:01  Zergling x8  
  152  10:02  Zergling x8  
  160  10:08  Zergling x6, Baneling x9  
  161  10:17  Zergling x4  
Show
View Real Time Build Order
Export as new Build Order

AqueroN Terran - Winner!

Build Orders: Hellion Opening, Reaper Expand 

Get SALT Encoding   

  12  0:00  SCV  
  13  0:12  SCV  
  14  0:17  Supply Depot  
  14  0:24  SCV  
  15  0:39  SCV  
  15  0:42  Barracks  
  16  0:44  Refinery  
  16  0:51  SCV  
  17  1:03  SCV  
  18  1:15  SCV  
  19  1:28  Reaper  
  19  1:29  Orbital Command  
  20  1:41  Command Center  
  20  1:53  Supply Depot  
  20  1:54  SCV  
  20  2:00  Marine  
  22  2:06  SCV  
  23  2:16  Factory  
  23  2:18  SCV  
  23  2:21  Barracks Reactor  
  24  2:25  Refinery  
  24  2:30  SCV  
  25  2:42  SCV  
  26  2:54  Orbital Command  
  26  2:55  SCV  
  27  3:05  Starport  
  27  3:07  SCV  
  27  3:09  Hellion x2  
  27  3:10  Marine  
  33  3:15  Supply Depot  
  33  3:19  SCV  
  34  3:21  SCV  
  35  3:30  Hellion x2  
  35  3:31  SCV, Marine  
  41  3:41  Fusion Core  
  41  3:42  SCV  
  41  3:43  SCV  
  41  3:47  Starport Tech Lab  
  43  3:52  Hellion x2  
  47  3:56  SCV  
  47  3:57  SCV, Supply Depot  
  49  4:03  Supply Depot  
  49  4:08  SCV  
  49  4:09  SCV  
  51  4:24  SCV x2  
  51  4:28  Battlecruiser  
  59  4:35  Command Center  
  59  4:38  SCV x2  
  61  4:41  Barracks Tech Lab  
  61  4:45  Supply Depot  
  61  4:50  SCV x2  
  63  4:57  Barracks  
  63  4:58  Barracks, Factory Reactor  
  63  5:00  Stimpack  
  63  5:03  SCV x2  
  65  5:07  Marine  
  66  5:15  SCV x2  
  66  5:18  Engineering Bay  
  66  5:19  Engineering Bay  
  68  5:23  Supply Depot  
  68  5:25  Marine  
  68  5:28  SCV x2  
  71  5:30  Refinery  
  71  5:31  Refinery  
  71  5:41  SCV  
  71  5:42  SCV  
  73  5:44  Starport Reactor, Marine  
  73  5:45  Terran Infantry Armor Level 1, Terran Infantry Weapons Level 1, Marine  
  73  5:47  Marine  
  76  5:50  Orbital Command  
  76  5:53  SCV, Marine x2  
  79  6:02  Barracks  
  79  6:05  Marine x2  
  79  6:06  Barracks  
  79  6:07  Marine  
  79  6:08  SCV x2  
  84  6:12  Orbital Command  
  84  6:14  Marine x2  
  84  6:15  Siege Tank  
  89  6:24  Marine x2  
  89  6:25  Medivac x2  
  95  6:30  Supply Depot x2  
  95  6:32  Supply Depot  
  95  6:34  Marine x2  
  95  6:37  Missile Turret  
  95  6:38  Missile Turret  
  97  6:40  SCV  
  97  6:43  Marine  
  97  6:44  Marine x2  
  101  6:50  Missile Turret  
  101  6:51  SCV  
  102  6:56  Siege Tank  
  102  6:58  Barracks Reactor x2  
  105  7:06  Marine x4  
  105  7:07  SCV x3  
  112  7:15  Combat Shield  
  112  7:17  Armory  
  112  7:18  Barracks  
  112  7:28  Barracks, Marine x3  
  115  7:31  Barracks  
  115  7:32  Siege Tank  
  115  7:34  Marine x2  
  115  7:35  Marine  
  121  7:37  Medivac  
  121  7:39  Medivac  
  125  7:47  Supply Depot, Marine x3  
  119  7:52  Marine x3  
  119  7:54  Supply Depot  
  122  7:59  Marine  
  122  8:00  Marine x2  
  122  8:03  Missile Turret  
  122  8:05  Marine  
  129  8:07  Terran Infantry Weapons Level 2, Terran Infantry Armor Level 2  
  129  8:08  Marine  
  129  8:09  Supply Depot, Marine x3  
  129  8:11  Marine x2  
  132  8:20  Siege Tank  
  132  8:21  Marine x5  
  132  8:23  Marine  
  132  8:26  Marine x3  
  143  8:27  Marine  
  143  8:31  Supply Depot, Marine x2  
  143  8:33  Supply Depot  
  147  8:37  Medivac  
  147  8:39  Marine x3  
  152  8:43  Marine  
  152  8:47  Marine x3  
  154  8:52  Siege Tank  
  154  8:54  Medivac  
  159  8:56  Marine x3  
  159  9:00  Marine  
  163  9:02  Marine  
  163  9:03  Missile Turret, Marine  
  163  9:04  Marine  
  163  9:07  Marine x2  
  168  9:10  Medivac  
  168  9:11  Marine x2  
  172  9:23  Marine x2  
  172  9:24  Marine x4  
  175  9:28  Marine x3  
  181  9:33  Supply Depot  
  181  9:34  Siege Tank, Supply Depot, Marine  
  185  9:42  Marine x2  
  185  9:43  Marine x2  
  189  9:51  Marine x2  
  189  9:52  Marine  
  168  9:53  Marine  
  168  9:56  SCV  
  168  9:57  SCV, Marine x4  
  175  10:00  Marine x2  
  175  10:02  Marine  
  175  10:03  Marine  
  182  10:08  Marine  
  182  10:11  Marine  
  184  10:15  Marine  
  184  10:16  Marine x2  

Tags
 
Add a new tag
Caveats
  • Supply blocks, unpowered buildings, or Contaminate may cause inaccurate times.
  • Supply counts are checked every 10 seconds.